 Dungeon Crawl Stone Soup version 0.22-a0-282-gdd34a7d (webtiles) character file.

34 medis the Shield-Bearer (level 3, -2/33 HPs)
             Began as a Deep Dwarf Fighter on Mar 17, 2018.
             Slain by a kobold
             ... wielding a +2 dagger of distortion
              (13 damage)
             ... on level 2 of the Dungeon.
             The game lasted 00:02:35 (1141 turns).

medis the Shield-Bearer (Deep Dwarf Fighter)        Turns: 1141, Time: 00:02:36

Health: -2/33      AC:  6    Str: 20    XL:     3   Next: 14%
Magic:  3/3        EV:  7    Int:  8    God:
Gold:   28         SH:  9    Dex: 12    Spells: 2/2 levels left

rFire    . . .     SeeInvis .   a - +0 war axe
rCold    . . .     Gourm    .   c - +0 shield
rNeg     . . .     Faith    .   b - +0 scale mail
rPois    .         Spirit   .   (no helmet)
rElec    .         Reflect  .   (no cloak)
rCorr    .         Harm     .   (no gloves)
MR       .....                  (no boots)
Stlth    ..........             (no amulet)
HPRegen  0.00/turn              (no ring)
MPRegen  0.08/turn              (no ring)

@: non-regenerating, drained
A: damage resistance, heal wounds, sense surroundings 1, no regeneration
a: Heal Wounds


You were on level 2 of the Dungeon.
You were not hungry.

You visited 1 branch of the dungeon, and saw 2 of its levels.

You collected 28 gold pieces.

Inventory:

Hand Weapons
 a - a +0 war axe (weapon)
 e - a +0 hand axe
Missiles
 i - 3 curare-tipped needles
Armour
 b - a +0 scale mail (worn)
 c - a +0 shield (worn)
Jewellery
 h - an uncursed ring of stealth {unknown}
Scrolls
 j - a scroll of fog {unknown}
 k - 3 scrolls of identify {unknown}
 l - a scroll of enchant weapon {unknown}
Potions
 d - a potion of might
Comestibles
 f - 4 rations
 g - a chunk of flesh


   Skills:
 - Level 2.6(2.1) Fighting
 * Level 3.5(2.9) Axes
 - Level 3.2(2.7) Armour
 + Level 3.8(3.2) Shields


You had 2 spell levels left.
You didn't know any spells.

Dungeon Overview and Level Annotations

Branches:
Dungeon (2/15)

Altars:


Innate Abilities, Weirdness & Mutations

You are resistant to damage.
You can heal yourself by infusing magical energy.
You passively map a small area around you.
You do not regenerate.


Message History

You butcher the worm corpse.
g - 2 chunks of flesh Eating one of 2 chunks of flesh.
You eat one of the 2 chunks of flesh.
This raw flesh tastes terrible.
A rat and a kobold come into view.
The kobold is wielding a dagger of distortion.
The kobold shouts!
The kobold moves out of view.
Found 13 gold pieces.
Found a stone staircase leading down.
You closely miss the rat. The rat bites you. The rat barely misses you.
You slash the rat!
You kill the rat!
You miss the kobold. The kobold hits you but does no damage.
Space warps horribly around you! You block the kobold's attack.
You closely miss the kobold. The kobold hits you but does no damage.
You blink.
You closely miss the kobold. The kobold barely misses you. x2
You hit the kobold.
The kobold is moderately wounded.
The kobold hits you but does no damage. Space warps horribly around you!
You die...

......########
......#...<..#
......#.####.#
.............#
........###..#
.....[..###..# *
.........##..#
...##........########
### ##.####....K@...#
#.# ######.....# #.#
#.....# , #+#*
#.>...# , * ,
#.....#* , , , *
.......# , * ,, ,
.....$.# , .......# ,
,, ,


You could see a kobold.

Vanquished Creatures
  An ooze (D:1)
  A worm (D:2)
  A dart slug (D:1)
  2 leopard geckos (D:1)
  2 giant cockroaches (D:1)
  A quokka (D:2)
  4 bats (D:1)
  5 frilled lizards
  3 goblins (D:1)
  4 kobolds (D:1)
  A rat (D:2)
25 creatures vanquished.

Notes
Turn   | Place    | Note
-------+----------+-------------------------------------------
     0 | D:1      | medis the Deep Dwarf Fighter began the quest for the Orb.
     0 | D:1      | Reached XP level 1. HP: 20/20 MP: 1/1
   102 | D:1      | Reached XP level 2. HP: 25/27 MP: 2/2
  1088 | D:2      | Reached XP level 3. HP: 28/33 MP: 3/3
  1141 | D:2      | Slain by a kobold

Vault maps used:
D:1:      sevenhm_arrival_forest_fort_small_4, roderic_roman_lattice,
          hangedman_decor_clover_reticule
D:2:      first_ration, minmay_rat_gold_closets, uniq_crazy_yiuf_cottage

Skill      XL: |  1  2 |
---------------+-------+-----
Axes           | 3 |  3.5
Fighting       | |  2.6
Armour         | |  3.2
Shields        | |  3.8

Action                   || total
-------------------------++-------
Melee: War axe           ||   105
  Eat: Chunk             ||     1
Armor: Scale mail        ||    51
Dodge: Dodged            ||    32
Block: Shield            ||    53

Table legend:
 A = Spawn XP
 B = Non-spawn XP
 C = Spawn XP percentage of total XP
 D = Spawn monster count
 E = Non-spawn monster count
 F = Spawn count percentage of total count
 G = Total turns spent on level
                    A         B        C        D         E        F      G
               +---------+---------+-------+---------+---------+-------+---------
         Total |       0 |      49 |   0.0 |       0 |      25 |   0.0 |  1141
               +---------+---------+-------+---------+---------+-------+---------
           D:1 |       0 |      39 |   0.0 |       0 |      20 |   0.0 |  1047
           D:2 |       0 |      10 |   0.0 |       0 |       5 |   0.0 |    94
               +---------+---------+-------+---------+---------+-------+---------
